 Dungeon Crawl Stone Soup version 0.32-a0-898-g7811c86cf0 (webtiles) character file.

Game seed: 11997531144270723060

3818 jasper the Grappler (level 9, -2/124 HPs)
             Began as a Minotaur Fighter on Apr 4, 2024.
             Was an Elder of Uskayaw.
             Slain by a killer bee (5 damage)
             ... on level 8 of the Dungeon.
             The game lasted 00:09:13 (6086 turns).

jasper the Grappler (Minotaur Fighter)              Turns: 6086, Time: 00:09:13

Health: -2/124     AC: 12    Str: 24    XL:     9   Next: 97%
Magic:  5/10       EV:  4    Int:  5    God:    Uskayaw [****..]
Gold:   205        SH: 11    Dex: 11    Spells: 8/8 levels left

rFire   . .          .
                       - Unarmed
rCold   . . .        f - +1 kite shield
rNeg    + . .        t - +0 plate armour
rPois   +            (helmet restricted)
rElec   .            c - +0 cloak
rCorr   +            (no gloves)
SInv    .            (no boots)
Will    .....        k - amulet of faith Stlth
                     o - ring of positive energy
HPRegen 0.40/turn    j - ring of Qesuohuo {rPois rCorr}
MPRegen 0.12/turn

%: faith
@: berserking, invisible, very quick
A: horns 2, retaliatory headbutt
a: Renounce Religion, Stomp, Line Pass


You were on level 8 of the Dungeon.
You worshipped Uskayaw.
Uskayaw was noncommittal.
You visited 1 branch of the dungeon, and saw 8 of its levels.
You also visited: Sewer.

You collected 445 gold pieces.
You spent 240 gold pieces at shops.

Inventory:

Missiles
 n - 5 poisoned darts (quivered)
Armour
 a - a +0 scale mail
 b - a +0 buckler
 c - a +0 cloak (worn)
 f - a +1 kite shield (worn)
 t - a +0 plate armour (worn)
 y - a +0 tower shield
Jewellery
 j - the ring of Qesuohuo (right hand) {rPois rCorr}
   (You acquired it on level 2 of the Dungeon)

   [ring of poison resistance]

   rPois:     It protects you from poison.
   rCorr:     It protects you from acid and corrosion.
 k - an amulet of faith (around neck)
 o - a ring of positive energy (left hand)
 s - a ring of willpower
 w - an amulet of magic regeneration
 z - a +6 ring of dexterity
 F - a ring of resist corrosion
Wands
 l - a wand of mindburst (33)
 m - a wand of flame (19)
 x - a wand of roots (10)
Scrolls
 e - a scroll of poison
 r - 2 scrolls of immolation
 u - a scroll of amnesia
Potions
 d - 2 potions of resistance
 g - 3 potions of attraction
 h - 2 potions of cancellation
 i - 2 potions of magic
 p - 2 potions of enlightenment
 q - 2 potions of brilliance
 A - a potion of curing {unknown}
 C - a potion of mutation {unknown}
 E - a potion of degeneration {unknown}


   Skills:
 + Level 9.1 Fighting
 - Level 3.6 Armour
 + Level 9.2 Shields
 * Level 11.1 Unarmed Combat
 + Level 2.8 Invocations


You had 8 spell levels left.
You didn't know any spells.
Your spell library contained the following spells:

 Spells                   Type           Power      Damage    Failure   Level
 Blink                    Tloc           0%         N/A       100%        2
 Ensorcelled Hibernation  Hex/Ice        0%         N/A       100%        2
 Lesser Beckoning         Tloc           0%         N/A       100%        2
 Momentum Strike          Conj/Tloc      0%         3d8       100%        2
 Maxwell's Portable Pile  Tloc           0%         2d(5-13)  100%        3
 Passwall                 Erth           0%         N/A       100%        3
 Swiftness                Air            0%         N/A       100%        3
 Arcjolt                  Conj/Air       0%         1d10      100%        5
 Maxwell's Capacitive Co  Air            0%         ∞         100%        8


Dungeon Overview and Level Annotations

Branches:
Dungeon (8/15)             Temple (0/1) D:7            Lair (0/5) D:8
  Sewer (visited)

Altars:
Ashenzari
Dithmenos
Elyvilon
Hepliaklqana
Kikubaaqudgha
Okawaru
Sif Muna
Trog
Uskayaw
Vehumet
Xom
Yredelemnul
The Shining One

Shops:
D:6 ![*

Annotations:
D:4 1 runed translucent door, bigduke15's ghost, amateur DECj
D:6 2 transporters


Innate Abilities, Weirdness & Mutations

You have a pair of horns on your head.
You reflexively headbutt those who attack you in melee.


Message History

You block the killer bee's attack. The killer bee barely misses you. x2
You furiously retaliate!
You headbutt the killer bee. The killer bee completely misses you.
The killer bee barely misses you.
The killer bee stings you but does no damage.
You block the killer bee's attack. You block the orc warrior's attack.
You can now merge with and destroy a victim.
You closely miss the killer bee.
The killer bee is severely wounded.
The killer bee stings you.
* * * LOW HITPOINT WARNING * * *
You block the killer bee's attack. x3
The killer bee stings you but does no damage.
The orc warrior hits you with a +0 hand axe.
* * * LOW HITPOINT WARNING * * *
An orc comes into view. It is wielding a +0 club.
You take 8 damage, and have 1/83 hp.
Okay, then.
Okay, then.
You block the killer bee's attack.
The killer bee stings you but does no damage.
Things that are here:
a +0 great sword; a +0 robe You block the killer bee's attack.
You can no longer merge with and destroy a victim.
Uskayaw links your audience in an emotional bond!
The killer bee stings you but does no damage.
You miss the killer bee. Your headbutt misses the killer bee.
The killer bee is almost dead.
The killer bee stings you but does no damage. x2
You block the killer bee's attack. x3
A red film seems to cover your vision as you go berserk!
You feel yourself moving faster!
You feel mighty!
The orc is no longer sharing its pain.
The killer bee is no longer sharing its pain. x3
The killer bee stings you but does no damage. x2
The killer bee stings you.
* * * LOW HITPOINT WARNING * * *
The killer bee closely misses you. The killer bee stings you.
You die...
Your body falls in perfect tune with the rhythm.

#. .... .# ... # .
##.. .# .... . ######
#..# ####
##.yy.###..### #....
#..@yk.##....##....
#...##oy.#.#..#...#
#..# ##o.#.##.#..#
#.. ##))#...)#..## #
#. #.)o.........##.
##...................
##.......####.......
####...## ##...###
....## ##.....


You could see an orc warrior (unable to see you, pain bonded), a wyvern (unable
to see you, pain bonded), 4 killer bees and an orc (unable to see you).

Vanquished Creatures
  A two-headed ogre (D:8)
  The ghost of soul19 the Cudgeller, a novice DsFi (D:6)
  An unseen horror zombie (D:6)
  An ice beast (D:7)
  3 sky beasts
  A black bear (D:7)
  A crocodile (Sewer)
  3 centaurs
  3 phantoms (D:5)
  A kobold brigand (D:8)
  A brain worm (Sewer)
  2 bullfrogs
  A gnoll sergeant (D:7)
  2 scorpions
  2 wights (D:8)
  3 killer bees (D:8)
  A spectral centaur (D:6)
  A centaur zombie (D:6)
  3 bombardier beetles
  Crazy Yiuf (D:6)
  2 orc priests
  7 hounds
  A gnoll bouda (D:7)
  A sleepcap (D:6)
  2 iguanas
  7 orc wizards
  10 gnolls
  3 adders
  2 river rats (D:6)
  2 white imps (D:7)
  2 dart slugs
  A ribbon worm (D:2)
  20 orcs
  8 bats
  6 endoplasms
  2 giant cockroaches
  3 hobgoblins
  5 jackals
  10 kobolds
  2 quokkas
  8 ball pythons
  A frilled lizard (D:1)
  6 goblins
  3 rats
147 creatures vanquished.

Notes
Turn   | Place    | Note
-------+----------+-------------------------------------------
     0 | D:1      | jasper the Minotaur Fighter began the quest for the Orb.
     0 | D:1      | Reached XP level 1. HP: 19/19 MP: 0/0
   175 | D:1      | Reached XP level 2. HP: 27/27 MP: 1/1
   287 | D:1      | Found a faded altar of an unknown god.
   811 | D:2      | Reached skill level 3 in Unarmed Combat
   956 | D:2      | Reached XP level 3. HP: 33/33 MP: 2/2
  1083 | D:2      | Found a shimmering altar of Xom.
  1275 | D:2      | Identified a scroll of acquirement
  1275 | D:2      | Acquired the ring of Qesuohuo {rPois rCorr}
  1343 | D:3      | Reached XP level 4. HP: 5/41 MP: 3/3
  1597 | D:3      | Reached skill level 4 in Unarmed Combat
  1964 | D:4      | Found a shadowy altar of Dithmenos.
  2106 | D:4      | Reached XP level 5. HP: 47/47 MP: 4/4
  2575 | D:4      | Found a runed translucent door.
  2621 | D:4      | Noticed bigduke15's ghost (amateur DECj)
  2868 | D:5      | Entered Level 5 of the Dungeon
  2868 | D:5      | Noticed a phantom
  2875 | D:5      | Killed a phantom
  2890 | D:5      | Found a broken altar of Ashenzari.
  2918 | D:5      | Reached skill level 5 in Fighting
  2918 | D:5      | Reached skill level 5 in Shields
  2918 | D:5      | Reached skill level 5 in Unarmed Combat
  2980 | D:5      | Found a hide-covered altar of Uskayaw.
  2980 | D:5      | Found a bloodstained altar of Trog.
  3006 | D:5      | Became a worshipper of Uskayaw the Reveller
  3053 | D:5      | Reached * piety under Uskayaw
  3054 | D:5      | Reached XP level 6. HP: 46/56 MP: 5/5
  3057 | D:5      | Reached ** piety under Uskayaw
  3183 | D:5      | Reached *** piety under Uskayaw
  3184 | D:5      | Reached **** piety under Uskayaw
  3186 | D:5      | Reached skill level 6 in Unarmed Combat
  3276 | D:5      | Reached XP level 7. HP: 58/62 MP: 6/6
  3330 | D:5      | Identified the +9 dagger "Telyito" {freeze, Int+3 SInv
                  | Stlth+}
  3418 | D:5      | Found a glowing golden altar of the Shining One.
  3552 | D:6      | Found Socs's Assorted Antiques.
  3559 | D:6      | Found an iron altar of Okawaru.
  3582 | D:6      | Reached ***** piety under Uskayaw
  3584 | D:6      | Reached skill level 7 in Unarmed Combat
  3587 | D:6      | Reached ****** piety under Uskayaw
  3604 | D:6      | Bought a potion of cancellation for 240 gold pieces
  3723 | D:6      | Found Nairch's Distillery.
  3758 | D:6      | Found a radiant altar of Vehumet.
  3810 | D:6      | Found an ancient bone altar of Kikubaaqudgha.
  3850 | D:6      | Found a shimmering blue altar of Sif Muna.
  3926 | D:6      | Noticed a cyclops
  3927 | D:6      | Noticed a vampire mosquito
  3929 | D:6      | Found a transporter.
  3929 | D:6      | Found a transporter.
  4058 | D:6      | Found a hazy altar of Hepliaklqana.
  4077 | D:6      | Found a white marble altar of Elyvilon.
  4110 | D:6      | Found a glowing drain.
  4137 | Sewer    | Entered a sewer
  4210 | Sewer    | Reached XP level 8. HP: 70/71 MP: 7/7
  4345 | D:6      | Found a basalt altar of Yredelemnul.
  4377 | D:6      | Found a runed translucent door.
  4378 | D:6      | Noticed Crazy Yiuf
  4429 | D:6      | Found a runed translucent gate.
  4429 | D:6      | Found a runed translucent gate.
  4429 | D:6      | Found a runed translucent gate.
  4434 | D:6      | Noticed soul19's ghost (novice DsFi)
  4438 | D:6      | Found Plog's Armour Shoppe.
  4461 | D:6      | Reached skill level 8 in Unarmed Combat
  4501 | D:6      | Killed soul19's ghost
  4502 | D:6      | Reached skill level 9 in Unarmed Combat
  4824 | D:6      | Killed Crazy Yiuf
  5048 | D:7      | Reached XP level 9. HP: 81/81 MP: 8/8
  5247 | D:7      | Found a staircase to the Ecumenical Temple.
  5336 | D:7      | Reached skill level 10 in Unarmed Combat
  5920 | D:8      | Found a staircase to the Lair.
  5945 | D:8      | Noticed a two-headed ogre
  5949 | D:8      | Reached skill level 1 in Invocations
  5954 | D:8      | Killed a two-headed ogre
  5995 | D:8      | Reached skill level 11 in Unarmed Combat
  6076 | D:8      | HP: 3/83 [orc warrior/+0 hand axe (8)]
  6079 | D:8      | HP: 1/83 [orc warrior/+0 hand axe (5)]
  6086 | D:8      | HP: 3/124 [killer bee (1)]
  6086 | D:8      | Slain by a killer bee

Illustrated notes

Levels and vault maps discovered:
D:1:      lightli_arrival_maybe_door_vault, layout_basic,
          hellmonk_ecumenical_altar_heavens_door
D:2:      layout_basic, basic_altar, hangedman_decor_peaks_small
D:3:      layout_rooms
D:4:      layout_layer_cave, mainiacjoe_overflow_surrounded_room,
          ebering_ghost_sewer_d
D:5:      layout_rooms, mainiacjoe_overflow_six_doors_small, tso_metal_star,
          gammafunk_temple_overflow_statue
D:6:      layout_cave_pools, palyth_temple_overflow_mages,
          okawaru_ov_weapons_minmay, kennysheep_ying_yang,
          gammafunk_temple_overflow_arena, serial_shops, shop, shop_statue,
          nicolae_shop_tiny_glass, cheibrodos_sewer_entry_sluice,
          gammafunk_ghost_necromancy, serial_glass, glass_columns_c,
          glass_columns_a, glass_columns_a, glass_columns_c, glass_columns_b,
          glass_columns_a, glass_columns_a, glass_columns_c, glass_columns_b,
          glass_columns_b, glass_columns_a, glass_columns_c, glass_columns_b,
          glass_columns_a, feat_on_display, feat_on_display, item_on_display_a,
          uniq_crazy_yiuf_cottage
D:7:      layout_loops_ring, minmay_temple_entry_overgrown,
          hangedman_abyss_or_decor_stabs
D:8:      minmay_four_partial_circles, layout_basic,
          mainiacjoe_overflow_boulevard, uniq_erica

Skill      XL: |  1  2  3  4  5  6  7  8  9 |
---------------+----------------------------+-----
Unarmed Combat | 3 4 5 6 7 9 11 | 11.1
Fighting       | 4 5 6 7 9 |  9.1
Shields        | 4 5 6 7 9 |  9.2
Invocations    | 2 |  2.8
Armour         | |  3.6

Action                     |  1- 3 |  4- 6 |  7- 9 || total
---------------------------+-------+-------+-------++-------
  Melee: Unarmed           |   100 |    86 |   281 ||   467
         Headbutt          |     9 |    16 |    45 ||    70
 Invoke: Stomp             |       |       |     2 ||     2
    Use: Scroll            |     5 |     6 |     7 ||    18
         Potion            |       |     1 |     4 ||     5
   Stab: Paralysed         |       |     1 |    17 ||    18
 Armour: Scale mail        |    53 |    16 |       ||    69
         Plate armour      |       |    35 |   304 ||   339
  Dodge: Dodged            |    31 |    18 |    63 ||   112
  Block: Buckler           |    10 |       |       ||    10
         Kite shield       |    19 |    33 |   172 ||   224

Table legend: (Time is in decaauts)
 A = Elapsed time spent in this place.
 B = Non-inter-level travel time spent in this place.
 C = Inter-level travel time spent in this place.
 D = Time resting spent in this place.
 E = Time spent auto-exploring this place.
 F = Levels seen in this place.
 G = Mean time per level.
                   A        B        C        D        E       F      G
               +--------+--------+--------+--------+--------+-----+--------+
         Total |   6068 |   5921 |    147 |    165 |   4410 |   9 |  674.2 |
       Dungeon |   5908 |   5761 |    147 |    165 |   4338 |   8 |  738.5 |
         Sewer |    160 |    160 |      0 |      0 |     72 |   1 |  160.0 |
               +--------+--------+--------+--------+--------+-----+--------+

Top non-repeatable levels by time:
     D:6: 1263 daAuts
     D:4: 953 daAuts
     D:7: 933 daAuts
     D:1: 805 daAuts
     D:5: 684 daAuts
     D:3: 633 daAuts
     D:2: 477 daAuts
   Sewer: 160 daAuts
     D:8: 157 daAuts
